 Dungeon Crawl Stone Soup version 0.16-a0-3911-g06eb01e (webtiles) character file.

1183 Gorice the Carver (level 8, -8/58 HPs)
             Began as a Formicid Fighter on Feb 2, 2015.
             Was a Follower of the Shining One.
             Mangled by Menkaure (19 damage)
             ... on level 6 of the Dungeon on Feb 3, 2015.
             The game lasted 00:30:52 (5671 turns).

Gorice the Carver (Formicid Fighter)                Turns: 5671, Time: 00:30:52

Health: -8/58      AC: 11    Str: 22    XL:     8   Next: 70%
Magic:  11/11      EV:  6    Int:  9    God:    the Shining One [*.....]
Gold:   102        SH:  9    Dex: 10    Spells: 0 memorised, 7 levels left

rFire  . . .     SeeInvis +     a - +3 long sword
rCold  . . .     Clarity  +     j - +0 chain mail
rNeg   . . .     SustAb   .     c - +0 shield
rPois  .         Gourm    .     (helmet unavailable)
rElec  .         Spirit   .     w - +0 cloak {+Inv}
rCorr  .         Warding  .     (no gloves)
rMut   .         Stasis   +     (no boots)
MR     .....                    k - amulet of clarity
Stlth  ..........               (no ring)
                                (no ring)

@: glowing, not resistant to hostile enchantments, extremely unstealthy
A: permanent stasis, dig shafts and tunnels, four strong arms, antennae 3
a: Dig, Shaft Self, Renounce Religion, Evoke Invisibility


You were on level 6 of the Dungeon.
You worshipped the Shining One.
The Shining One was aware of your devotion.
You were not hungry.

You visited 2 branches of the dungeon, and saw 7 of its levels.

You collected 223 gold pieces.
You spent 121 gold pieces at shops.

Inventory:

Hand weapons
 a - a +3 long sword (weapon)
 b - a +0 hunting sling
 g - a +0 long sword
 q - a +1 dagger of chaos
   (You took it off a gnoll on level 6 of the Dungeon)
 t - a +0 dagger of chaos
   (You took it off a gnoll on level 6 of the Dungeon)
 F - a +2 spear of chaos
   (You took it off a gnoll on level 6 of the Dungeon)
 G - a +2 spear of chaos
   (You took it off a gnoll on level 6 of the Dungeon)
 H - a +1 spear of chaos
   (You took it off a gnoll on level 6 of the Dungeon)
Missiles
 i - 11 tomahawks (quivered)
 p - 57 bolts
 r - 12 sling bullets
 y - 5 sling bullets of frost
 B - 17 exploding sling bullets
 Z - 163 stones
Armour
 c - a +0 shield (worn)
 j - a +0 chain mail (worn)
 m - a +0 scale mail
 v - the +2 leather armour "Daontiro" {+Blink MR+ Str-3}
   (You found it on level 4 of the Dungeon)

   It affects your strength (-3).
   It affects your resistance to hostile enchantments.
   It lets you blink.
 w - a +0 cloak of invisibility (worn)
   (You bought it in a shop on level 5 of the Dungeon)
 z - a +2 leather armour of fire resistance
   (You took it off an orc priest on level 5 of the Dungeon)
Jewellery
 k - an amulet of clarity (around neck)
 x - an uncursed ring of magical power
Magical devices
 A - a wand of magic darts (14)
Scrolls
 f - 3 scrolls of remove curse
 I - a scroll of identify
Potions
 e - 2 potions of might {!q}
 n - a potion of lignification {!q}
 o - 2 potions of agility {!q}
 s - a potion of heal wounds {!q}
 E - a potion of cancellation {!q}
Comestibles
 d - 8 bread rations {!e}
 h - 8 fruits
 l - 3 beef jerkies
 u - a meat ration {!e}
 C - a slice of pizza


   Skills:
 - Level 3.2 Fighting
 * Level 8.2 Long Blades
 + Level 7.0 Armour
 - Level 3.6 Shields


You had 7 spell levels left.
You didn't know any spells.

Dungeon Overview and Level Annotations

Branches:
Dungeon (6/15)             Temple (1/1) D:4

Altars:
Ashenzari
Dithmenos
Elyvilon
Fedhas
Gozag
Kikubaaqudgha
Makhleb
Nemelex Xobeh
Qazlal
Ru
Sif Muna
Trog
Vehumet
Xom
The Shining One

Shops:
D:5 [

Annotations:
D:3 pUX: Yiuf's house
D:6 exclusion: statue, Menkaure


Innate Abilities, Weirdness & Mutations

You are under a permanent stasis effect.
You can dig through walls and to a lower floor.
Your four strong arms can wield two-handed weapons with a shield.
You have a pair of large antennae on your head (SInv).


Message History

You slash the wyvern skeleton! The wyvern skeleton bites you.
You take 4 damage.
You slash the wyvern skeleton!
You destroy the wyvern skeleton!
The Shining One accepts your kill.
You feel a little better.
Your Armour skill increases to level 7!
Menkaure shouts!
Menkaure casts a spell.
Menkaure seems to speed up.
You start waiting.
Menkaure hits you!
You take 9 damage.
You hit Menkaure.
Menkaure is lightly damaged.
Menkaure casts a spell at you. Pain shoots through your body!
Menkaure calls on the powers of darkness!
Your body is wracked with pain!
You take 25 damage.
Your shield and chain mail prevent you from hitting Menkaure.
Menkaure is lightly damaged.
You block Menkaure's attack.
You hit Menkaure but do no damage.
Menkaure is lightly damaged.
You block Menkaure's attack.
You hit Menkaure.
Menkaure is lightly damaged.
You block Menkaure's attack.
You hit Menkaure but do no damage.
Menkaure is lightly damaged.
Menkaure hits you but does no damage. You block Menkaure's attack.
You hit Menkaure.
Menkaure is moderately damaged.
Menkaure barely misses you.
You hit Menkaure.
Menkaure is heavily damaged.
Menkaure barely misses you.
You hit Menkaure but do no damage.
Menkaure is heavily damaged.
You block Menkaure's attack. x2
You completely miss Menkaure.
Menkaure is heavily damaged.
Menkaure hits you!
* * * LOW HITPOINT WARNING * * *
You take 14 damage.
You hit Menkaure.
Menkaure is severely damaged.
Menkaure hits you!!
You die...

#.##.# #...##.##...# #.##.#
###...........### #.##.#
#................ #.##.#
#.#..###..##....# #.##.#
#.#.............# #.##.#
#.#.####..##....# ###..#.##
#.#.####..##...##
#.......#####M#..............
#.#####.....@.######..##.####
#.# #.####### #..##..... #)#
#.# #..##.#### #.# #.#
#########......... #.#####.#
#................. #.......#
#.#######.###.#### #.#######
#...##.# ##.## #...##.#
####...##### #...##.#


You could see Menkaure.

Vanquished Creatures
  Edmund (D:6)
  A water moccasin (D:6)
  The ghost of ConnectionFaild the Charlatan, an average SpAr (D:3)
  A scorpion (D:5)
  A wyvern skeleton (D:6)
  A jelly (D:5)
  A hound (D:5)
  2 crimson imps
  A giant frog zombie (D:5)
  4 orc priests
  3 centaur skeletons
  3 orc wizards
  An iguana (D:6)
  2 worker ants (D:4)
  Ijyb (D:5)
  5 gnolls (D:6)
  4 adders
  A giant mite (D:5)
  4 worms
  An ooze (D:3)
  17 orcs
  2 bat skeletons
  3 giant cockroaches
  8 hobgoblins
  7 kobolds
  2 quokkas
  A ball python (D:3)
  7 bats
  4 giant geckos
  7 giant newts
  7 goblins
  A jackal zombie (D:5)
  8 rats
113 creatures vanquished.

Notes
Turn   | Place    | Note
--------------------------------------------------------------
     0 | D:1      | Gorice, the Formicid Fighter, began the quest for the Orb.
     0 | D:1      | Reached XP level 1. HP: 18/18 MP: 1/1
   177 | D:1      | Reached XP level 2. HP: 22/24 MP: 3/3
   461 | D:2      | Found an opulent altar of Gozag.
   666 | D:2      | Reached XP level 3. HP: 29/29 MP: 4/4
   742 | D:2      | Reached skill level 4 in Armour
   939 | D:2      | Reached skill level 3 in Long Blades
  1122 | D:3      | Reached XP level 4. HP: 32/35 MP: 5/5
  1131 | D:3      | Found a shadowy altar of Dithmenos.
  1292 | D:3      | Noticed ConnectionFaild's ghost (average SpAr)
  1327 | D:3      | Found a sacrificial altar of Ru.
  1327 | D:3      | Found an ancient bone altar of Kikubaaqudgha.
  1327 | D:3      | Found a glowing golden altar of the Shining One.
  1730 | D:3      | Killed ConnectionFaild's ghost
  1730 | D:3      | Reached skill level 4 in Long Blades
  1730 | D:3      | Reached XP level 5. HP: 28/41 MP: 7/7
  1849 | D:3      | Found a white marble altar of Elyvilon.
  2055 | D:4      | Reached XP level 6. HP: 45/47 MP: 8/8
  2111 | D:4      | Reached skill level 5 in Long Blades
  2111 | D:4      | Reached skill level 5 in Armour
  2130 | D:4      | HP: 12/47 [orc priest/divine providence (13)]
  2635 | D:4      | Got a shimmering leather armour
  2641 | D:4      | Found a staircase to the Ecumenical Temple.
  2708 | Temple   | Entered the Ecumenical Temple
  2833 | D:3      | Became a worshipper of the Shining One
  2900 | D:4      | Reached XP level 7. HP: 50/52 MP: 9/9
  3321 | D:4      | Identified the +2 leather armour "Daontiro" {+Blink MR+ Str-3} (You found it on level 4 of the Dungeon)
  3345 | D:5      | Entered Level 5 of the Dungeon
  3345 | D:5      | Noticed Ijyb
  3355 | D:5      | Killed Ijyb
  3371 | D:4      | HP: 15/52 [poisoned by Ijyb]
  3376 | D:4      | HP: 12/52 [poisoned by Ijyb]
  3382 | D:4      | HP: 10/52 [poisoned by Ijyb]
  3388 | D:4      | HP: 9/52 [poisoned by Ijyb]
  3396 | D:4      | HP: 8/52 [poisoned by Ijyb]
  3693 | D:5      | Reached skill level 6 in Long Blades
  3746 | D:5      | HP: 9/52 [orc priest/divine providence (11)]
  4018 | D:5      | Upgraded the game from 0.16-a0-3889-g45dc0c2 to 0.16-a0-3911-g06eb01e
  4060 | D:5      | Acquired the Shining One's first power
  4150 | D:5      | Found Unlam's Antique Armour Boutique.
  4158 | D:5      | Bought a runed cloak for 121 gold pieces
  4290 | D:5      | Reached skill level 6 in Armour
  4445 | D:5      | Reached XP level 8. HP: 41/58 MP: 11/11
  4468 | D:5      | Reached skill level 7 in Long Blades
  5105 | D:6      | Found a shimmering altar of Xom.
  5191 | D:6      | Noticed Edmund
  5202 | D:6      | Killed Edmund
  5202 | D:6      | Reached skill level 8 in Long Blades
  5358 | D:6      | Found a radiant altar of Vehumet.
  5398 | D:6      | Noticed Menkaure
  5400 | D:6      | HP: 16/58 [??? (14)]
  5636 | D:6      | Reached skill level 7 in Armour
  5670 | D:6      | HP: 11/58 [Menkaure (15)]
  5671 | D:6      | Mangled by Menkaure

Action                   |  1- 3 |  4- 6 |  7- 9 || total
-------------------------+-------+-------+-------++-------
Melee: Long sword        |   104 |   127 |   160 ||   391
 Fire: Hunting sling     |       |       |    47 ||    47
Throw: Tomahawk          |    22 |     4 |     4 ||    30
       Stone             |     1 |       |       ||     1
  Use: Scroll            |     5 |     2 |     3 ||    10
  Eat: Chunk             |     1 |     6 |     7 ||    14
       Beef jerky        |       |       |     1 ||     1

Table legend:
 A = Turns spent in this place as a percentage of turns spent in the entire game.
 B = Non-inter-level travel turns spent in this place as a percentage of non-inter-level travel turns spent in the entire game.
 C = Inter-level travel turns spent in this place as a percentage of turns spent in this place.
 D = Turns resting spent in this place as a percentage of non-inter-level travel turns spent in this place.
 E = Turns spent auto-exploring this place as a percentage of non-inter-level travel turns spent in this place.
 F = Non-inter-level travel turns spent in this place divided by the number of levels of this place that you've seen.
                   A       B       C       D       E      F
               +-------+-------+-------+-------+-------+----------------------
         Total | 100.0 | 100.0 |   0.5 |   2.0 |   4.4 | 317.9
       Dungeon |  99.1 |  99.1 |   0.5 |   2.0 |   4.3 | 367.7
        Temple |   0.9 |   0.9 |   5.0 |   0.0 |  10.5 |  19.0
               +-------+-------+-------+-------+-------+----------------------

Vault maps used:
D:1:      dpeg_arrival_sounds_drone
D:2:      grunt_gozag_statues
D:3:      nicolae_overflow_hidden_temple, nicolae_dithmenos_shadow_blocks,
          gammafunk_temple_overflow_forgotten, uniq_crazy_yiuf_cottage
D:4:      minmay_temple_entry_purple_smoke, first_bread
D:5:      serial_shops, shop, uniq_iyjb
D:6:      vehumet_statue, tgw_xom, uniq_edmund, uniq_menkaure
Temple:   minmay_temple_bridge_a_8
